 Dungeon Crawl Stone Soup version 0.28.0-49-g6dfe1f597d (webtiles) character file.

Game seed: 8492988172032793522

296 bobregger the Cudgeller (level 6, 0/93 HPs)
             Began as an Ogre Berserker on May 15, 2022.
             Was a Believer of Trog.
             Frozen to death by an endoplasm (4 damage)
             ... on level 3 of the Dungeon.
             The game lasted 00:03:04 (3267 turns).

bobregger the Cudgeller (Ogre Berserker)            Turns: 3267, Time: 00:03:05

Health: 0/93       AC: 23    Str: 19 (22) XL:     6   Next: 34%
Magic:  6/6        EV:  1    Int:  4 (6)  God:    Trog [**....]
Gold:   121        SH:  0    Dex:  7 (10) Spells: 5/5 levels left

rFire   . . .      SeeInvis .   a - +0 mace
rCold   . . .      Faith    .   (no shield)
rNeg    . . .      Spirit   .   (armour currently unavailable)
rPois   +          Reflect  .   (helmet currently unavailable)
rElec   .          Harm     .   (cloak currently unavailable)
rCorr   .          Rampage  .   (gloves unavailable)
Will    .....      NoTele   +   (boots unavailable)
Stlth   +.........              (no amulet)
HPRegen 0.25/turn               i - ring of poison resistance
MPRegen 0.10/turn               (no ring)

@: tree-form
A: stationary, stasis, torment immunity, boosted hp, large, unfitting armour,
(tough skin 1), (hooves 1), dopey 1, wild magic 1
a: Renounce Religion, Berserk, Trog's Hand


You were on level 3 of the Dungeon.
You worshipped Trog.
Trog was pleased with you.
You were a tree.
You visited 1 branch of the dungeon, and saw 3 of its levels.

You collected 121 gold pieces.

Inventory:

Hand Weapons
 a - a +0 mace (weapon)
Armour
 b - a +0 animal skin (melded)
 k - a +0 cloak (melded)
Jewellery
 i - a ring of poison resistance (left branch)
 m - an amulet of guardian spirit
Scrolls
 d - a scroll of noise {unknown}
 e - a scroll of identify {unknown}
 h - a scroll of teleportation {unknown}
 n - a scroll of enchant weapon {unknown}
Potions
 f - a potion of degeneration
 p - a potion of might {unknown}


   Skills:
 - Level 4.0 Fighting
 + Level 6.3 Maces & Flails
 - Level 2.6 Dodging


You had 5 spell levels left.
You didn't know any spells.
Your spell library was empty.

Dungeon Overview and Level Annotations

Branches:
Dungeon (3/15)

Altars:
Cheibriados
Wu Jian


Innate Abilities, Weirdness & Mutations

You are a tree.
Your roots penetrate the ground, keeping you stationary.
You cannot be teleported.
You are immune to unholy pain and torment.
Your maximum health is greatly increased.
Your equipment is partially melded.
You are too large for most types of armour.
((You have tough skin. (AC +1)))
((You have large cloven feet.))
You are dopey. (Int -2)
Your spells are a little harder to cast, but a little more powerful.


Message History

The orc wizard is moderately wounded.
The orc wizard hits you with a +0 dagger.
* * * LOW HITPOINT WARNING * * *
You hit the orc wizard. Your kick misses the orc wizard.
The orc wizard is heavily wounded.
The orc wizard closely misses you.
You sock the orc wizard!
You kill the orc wizard!
Trog accepts your kill.
Trog appreciates your killing of a magic user.
Items here: )))))) [[ †††††.
An endoplasm and an orc priest come into view.
The endoplasm quivers.
The orc priest shouts!
An orc comes into view.
It is wielding a +1 short sword of holy wrath.
You see here a +0 mace.
There are monsters nearby!
The orc priest mumbles some strange prayers to Beogh against you.
Beogh smites you!
* * * LOW HITPOINT WARNING * * *
You hear a shout!
Items here: )))))) [[ †††††.
You see here a bat corpse.
It was a potion of lignification.
You turn into a tree.
Your +0 cloak melds into your body.
Your +0 animal skin melds into your body.
Your roots penetrate the ground.
The endoplasm freezes you.
You are frozen.
* * * LOW HITPOINT WARNING * * *
You hit the endoplasm.
The endoplasm is lightly wounded.
The endoplasm freezes you.
You are frozen.
* * * LOW HITPOINT WARNING * * *
You hit the endoplasm but do no damage.
The endoplasm is lightly wounded.
The endoplasm freezes you.
You are frozen.
You die...

..# ..## #.
#####.... #.#
......# ... ..#.#
###^####.:.#
.......#)oo#
...$.$.#J#.o....
.......#♣# .....
..._.....#####..#
.......#...))# .##
.......#.###)##..#
.......#.......#
########....)..#
........).#
..........#
#######'###


You could see an orc priest and an endoplasm.

Vanquished Creatures
  2 orc priests
  4 orc wizards
  3 gnolls
  2 adders (D:3)
  A worm (D:2)
  4 dart slugs
  9 orcs (D:3)
  3 ball pythons
  4 bats
  5 endoplasms
  A giant cockroach (D:1)
  10 goblins
  5 hobgoblins
  4 jackals (D:1)
  6 kobolds
  3 quokkas
  3 frilled lizards
  7 rats
76 creatures vanquished.

Vanquished Creatures (others)
  18 plants (D:1)
18 creatures vanquished.

Grand Total: 94 creatures vanquished

Notes
Turn   | Place    | Note
-------+----------+-------------------------------------------
     0 | D:1      | bobregger the Ogre Berserker began the quest for the Orb.
     0 | D:1      | Reached XP level 1. HP: 24/24 MP: 1/1
   270 | D:1      | Reached skill level 3 in Maces & Flails
   375 | D:1      | Reached XP level 2. HP: 29/32 MP: 2/2
   693 | D:1      | Found a faded altar of an unknown god.
   797 | D:1      | Reached XP level 3. HP: 25/39 MP: 3/3
  1537 | D:1      | Reached skill level 4 in Maces & Flails
  1537 | D:1      | Reached XP level 4. HP: 38/48 MP: 4/4
  1771 | D:2      | Reached skill level 5 in Maces & Flails
  1821 | D:1      | Reached XP level 5. HP: 53/54 MP: 5/5
  2409 | D:2      | Found a snail-covered altar of Cheibriados.
  2534 | D:2      | Reached ** piety under Trog
  3045 | D:3      | Reached XP level 6. HP: 56/62 MP: 6/6
  3052 | D:3      | Found an ornate altar of the Wu Jian Council.
  3053 | D:3      | Gained mutation: You are dopey. (Int -2) [potion of
                  | mutation]
  3053 | D:3      | Gained mutation: You have large cloven feet. [potion of
                  | mutation]
  3053 | D:3      | Gained mutation: Your spells are a little harder to cast,
                  | but a little more powerful. [potion of mutation]
  3059 | D:3      | Reached skill level 6 in Maces & Flails
  3265 | D:3      | HP: 4/93 [frozen (3)]
  3267 | D:3      | Frozen to death by an endoplasm

Illustrated notes

Levels and vault maps discovered:
D:1:      roderic_crop_circles_arrival_small, layout_rooms,
          shapermc_ecumenical_altar_starsandcircs, st_stairs_14,
          nrook_loot_triangle, chequers_serial_rivers_micro_d,
          minmay_pentomino_q2
D:2:      minmay_door_path, layout_loops_ring, basic_altar, eino_curves_02,
          minmay_misc_feat_columns
D:3:      layout_basic, lemuel_tele_altar, nicolae_elevator_lobby_plus,
          uniq_grinder

Skill      XL: |  1  2  3  4  5  6 |
---------------+-------------------+-----
Maces & Flails | 3 4 5 6 |  6.3
Fighting       | |  4.0
Dodging        | |  2.6

Action                   |  1- 3 |  4- 6 || total
-------------------------+-------+-------++-------
Melee: Mace              |   107 |   140 ||   247
       Punch             |     4 |     1 ||     5
       Kick              |       |     5 ||     5
Invok: Berserk           |     2 |     3 ||     5
  Use: Potion            |       |     6 ||     6
Armor: Animal skin       |    34 |    66 ||   100
Dodge: Dodged            |    53 |    83 ||   136
